 Dungeon Crawl Stone Soup version 0.27.1-3-gb3d3a73c9e (webtiles) character file.

Game seed: 13263312555555996848

2809 horus123 the Protected (level 9, -6/75 (81) HPs)
             Began as a Hill Orc Fighter on Oct 29, 2021.
             Was a Follower of Ru.
             Mangled by a wyvern (7 damage)
             ... on level 8 of the Dungeon.
             The game lasted 00:22:30 (9826 turns).

horus123 the Protected (Hill Orc Fighter)           Turns: 9826, Time: 00:22:31

HP:   -6/75 (81)    AC: 16    Str: 22    XL:     9   Next: 72%
MP:   9/9           EV:  8    Int:  8    God:    Ru [*.....]
Gold: 387           SH: 10    Dex: 10    Spells: 8/8 levels left

rFire    + + +     SeeInvis .   a - +1 long sword
rCold    . . .     Faith    .   c - +0 kite shield
rNeg     . . .     Spirit   .   B - +0 fire dragon scales
rPois    .         Reflect  .   (no helmet)
rElec    .         Harm     .   b - scarf {rC+ rF+}
rCorr    .         Rampage  .   (no gloves)
Will     +....                  s - +0 pair of boots
Stlth    ..........             E - amulet of regeneration
HPRegen  1.22/turn              g - +4 ring of protection
MPRegen  0.11/turn              r - ring of willpower

@: drained
A: no air magic, no conjurations magic, no transmutations magic
a: Renounce Religion


You were on level 8 of the Dungeon.
You worshipped Ru.
Ru was aware of your devotion.
You visited 2 branches of the dungeon, and saw 9 of its levels.

You collected 387 gold pieces.

Inventory:

Hand Weapons
 a - a +1 long sword (weapon)
 e - a +1 scythe of freezing
 k - a +4 hunting sling
Missiles
 n - 7 javelins (quivered)
 y - a throwing net
Armour
 b - a scarf of resistance (worn)
 c - a +0 kite shield (worn)
 s - a +0 pair of boots (worn)
 B - +0 fire dragon scales (worn)
Jewellery
 d - an amulet of guardian spirit
 g - a +4 ring of protection (left hand)
 r - a ring of willpower (right hand)
 E - an amulet of regeneration (around neck)
Wands
 o - a wand of paralysis (6)
 t - a wand of mindburst (11)
 z - a wand of digging (6)
 D - a wand of flame (23)
Scrolls
 l - 2 scrolls of teleportation
 A - a scroll of magic mapping
Potions
 f - a potion of resistance
 h - 2 potions of heal wounds
 i - a potion of attraction
 j - 2 potions of flight
 m - a potion of brilliance {unknown}
 q - 3 potions of ambrosia
 u - a potion of cancellation {unknown}
 v - a potion of curing
 w - a potion of magic {unknown}
 x - 2 potions of degeneration


   Skills:
 * Level 7.8 Fighting
 + Level 7.3 Long Blades
 * Level 9.0 Armour
 + Level 2.2 Dodging
 + Level 1.0 Stealth
 + Level 6.5 Shields


You had 8 spell levels left.
You didn't know any spells.
Your spell library contained the following spells:

 Spells                   Type           Power      Damage    Failure   Level
 Portal Projectile        Hex/Tloc       0%         N/A       100%        3
 Excruciating Wounds      Necr           0%         N/A       100%        5
 Dispersal                Tloc           0%         N/A       100%        6
 Disjunction              Tloc           0%         N/A       100%        8
 Beastly Appendage        Tmut           Unusable   N/A       N/A         1
 Wereblood                Tmut           Unusable   N/A       N/A         2
 Spider Form              Tmut/Pois      Unusable   N/A       N/A         3
 Blade Hands              Tmut           Unusable   N/A       N/A         5
 Chain Lightning          Conj/Air       Unusable   N/A       N/A         9
 Fire Storm               Conj/Fire      Unusable   5d1       N/A         9

Dungeon Overview and Level Annotations

Branches:
Dungeon (8/15)             Temple (1/1) D:6
   Lair: D:8-11

Altars:
Ashenzari
Dithmenos
Nemelex Xobeh
Okawaru
Ru
Vehumet
Wu Jian
The Shining One
Beogh


Innate Abilities, Weirdness & Mutations

You cannot study or cast Air magic.
You cannot study or cast Conjurations magic.
You cannot study or cast Transmutations magic.


Message History

The wyvern is severely wounded.
The wyvern bites you.
The wyvern bites you but does no damage.
The wight hits you from afar with a +3 halberd!
You hit the wyvern but do no damage.
The wyvern is severely wounded.
The wyvern bites you but does no damage.
The wight hits you from afar with a +3 halberd!
* * * LOW HITPOINT WARNING * * *
You block the wyvern's attack.
You hit the wyvern but do no damage.
The wyvern is severely wounded.
You block the wyvern's attack.
The wight hits you from afar with a +3 halberd.
* * * LOW HITPOINT WARNING * * *
You feel drained.
* * * LOW HITPOINT WARNING * * *
The wyvern bites you.
* * * LOW HITPOINT WARNING * * *
You hit the wyvern.
The wyvern is severely wounded.
The wyvern barely misses you.
You riposte.
You closely miss the wyvern.
The wyvern is severely wounded.
You block the wight's attack. The wyvern bites you!
* * * LOW HITPOINT WARNING * * *
You block the wight's attack.
You hit the wyvern but do no damage.
The wyvern is severely wounded.
The wyvern bites you but does no damage.
The wight hits you but does no damage.
The wyvern bites you but does no damage.
The wyvern completely misses you.
You riposte.
You hit the wyvern.
The wyvern is almost dead.
The wight hits you from afar with a +3 halberd.
* * * LOW HITPOINT WARNING * * *
You block the wyvern's attack.
You open the door. The wyvern bites you!
* * * LOW HITPOINT WARNING * * *
The wyvern bites you!
You die...

#.........# #.......
#.........########....$..
#...........<............
#.......z................
#........................
#....#####z####...............
#....#.....z..#............###
#....#......l.#...........##.#
#....#.......@'.........#.#._.
#....#........#.........#.....
#....##########.........##....
#....#...................##...
#....'....................####
#....#.....................
#....#.................##
#....#.........#########
#....#.........#


You could see a wyvern and 2 wights.

Vanquished Creatures
  Sigmund (D:3)
  The ghost of bnorton916 the Conjurer, an amateur DECj of Gozag (D:5)
  2 wyverns
  A steam dragon (D:6)
  A water moccasin (D:5)
  2 sky beasts
  An ogre (D:3)
  2 necrophages
  3 centaurs
  The ghost of horus123 the Sneak, an amateur KoBr of Makhleb (D:6)
  A gnoll sergeant (D:6)
  Blork the orc (D:4)
  2 bullfrogs
  3 scorpions
  A water moccasin skeleton (D:5)
  3 wights (D:5)
  A bullfrog zombie (D:6)
  A hound (D:7)
  Crazy Yiuf (D:2)
  2 orc priests
  A bullfrog skeleton (D:5)
  2 iguanas (D:5)
  An orc wizard (D:6)
  A hound zombie (D:3)
  Robin (D:2)
  6 adders
  9 gnolls
  A white imp (D:7)
  An adder skeleton (D:4)
  A worm (D:2)
  3 dart slugs
  20 orcs
  10 ball pythons
  5 endoplasms
  4 giant cockroaches
  11 goblins
  8 hobgoblins
  2 jackals
  3 quokkas
  5 bats
  3 frilled lizards (D:1)
  7 kobolds
  8 rats
144 creatures vanquished.

Vanquished Creatures (others)
  A centaur (D:7)
1 creature vanquished.

Grand Total: 145 creatures vanquished

Notes
Turn   | Place    | Note
-------+----------+-------------------------------------------
     0 | D:1      | horus123 the Hill Orc Fighter began the quest for the Orb.
     0 | D:1      | Reached XP level 1. HP: 19/19 MP: 1/1
   132 | D:1      | Reached XP level 2. HP: 20/27 MP: 2/2
   373 | D:1      | Reached XP level 3. HP: 25/33 MP: 3/3
   821 | D:2      | Reached skill level 4 in Armour
  1080 | D:2      | Reached XP level 4. HP: 39/41 MP: 4/4
  1102 | D:2      | Identified the +2 helmet of Contentment {-Cast rPois
                  | Will+++ Stlth+}
  1102 | D:2      | Noticed Robin
  1123 | D:2      | Killed Robin
  1823 | D:2      | Found a runed translucent door.
  1824 | D:2      | Noticed Crazy Yiuf
  1834 | D:2      | Killed Crazy Yiuf
  1835 | D:2      | Reached XP level 5. HP: 13/47 MP: 1/5
  2087 | D:3      | Noticed Sigmund
  2557 | D:3      | Killed Sigmund
  2558 | D:3      | Reached skill level 5 in Fighting
  2558 | D:3      | Reached skill level 5 in Armour
  2558 | D:3      | Reached XP level 6. HP: 50/56 MP: 6/6
  2692 | D:3      | Reached skill level 1 in Dodging
  3168 | D:3      | Found a faded altar of an unknown god.
  3285 | D:3      | Reached XP level 7. HP: 61/61 MP: 7/7
  4121 | D:4      | Noticed Blork the orc
  4350 | D:4      | Reached skill level 5 in Long Blades
  4350 | D:4      | Reached skill level 6 in Armour
  4730 | D:4      | Killed Blork the orc
  5083 | D:5      | Entered Level 5 of the Dungeon
  5279 | D:5      | Reached XP level 8. HP: 21/70 MP: 6/8
  5541 | D:5      | Found a runed translucent gate.
  5557 | D:5      | Found an ornate altar of the Wu Jian Council.
  5570 | D:5      | Identified the +1 chain mail "Qoenofukon" {Str-4 Dex+7}
  5572 | D:5      | Found a runed translucent gate.
  5572 | D:5      | Noticed bnorton916's ghost (amateur DECj)
  5573 | D:5      | Found a runed translucent gate.
  5579 | D:5      | Found a roughly hewn altar of Beogh.
  5730 | D:5      | Reached skill level 5 in Shields
  5855 | D:5      | Found a sacrificial altar of Ru.
  5937 | D:5      | Became a worshipper of Ru the Awakened
  6716 | D:5      | Killed bnorton916's ghost
  6717 | D:5      | Reached skill level 7 in Armour
  6717 | D:5      | Reached skill level 1 in Stealth
  6932 | D:6      | Reached XP level 9. HP: 37/78 MP: 5/9
  7109 | D:6      | Found a staircase to the Ecumenical Temple.
  7270 | D:6      | Found a runed translucent door.
  7452 | Temple   | Entered the Ecumenical Temple
  7608 | D:6      | Reached skill level 8 in Armour
  8092 | D:6      | Noticed horus123's ghost (amateur KoBr)
  8109 | D:6      | Killed horus123's ghost
  8518 | D:7      | Gained mutation: You cannot study or cast Air magic. [Ru
                  | sacrifice]
  8518 | D:7      | Gained mutation: You cannot study or cast Transmutations
                  | magic. [Ru sacrifice]
  8518 | D:7      | Gained mutation: You cannot study or cast Conjurations
                  | magic. [Ru sacrifice]
  8518 | D:7      | Reached * piety under Ru
  9761 | D:8      | Found a shadowy altar of Dithmenos.
  9787 | D:8      | Reached skill level 9 in Armour
  9826 | D:8      | HP: 1/75 [wyvern (8)]
  9826 | D:8      | Mangled by a wyvern

Illustrated notes

Levels and vault maps discovered:
D:1:      eino_arrival_water_star, layout_rooms, minmay_pentomino_r4
D:2:      layout_loops_ring, small_statue_intersection,
          minmay_randomly_rotated_circles, uniq_crazy_yiuf_cottage, uniq_robin
D:3:      layout_basic, hellmonk_ecumenical_altar_run_dry,
          minmay_misc_feat_rows, minmay_crystal_room, uniq_sigmund
D:4:      layout_loops_corners, uniq_blork_the_orc
D:5:      layout_loops_ring, lemuel_crystal_altar, marbit_many_paths,
          biasface_ghost_orc_armoury
D:6:      layout_gridville, minmay_temple_entry_glassed_door,
          ebering_ghost_reflecting_pool
D:7:      layout_basic
D:8:      layout_gridville, nicolae_dithmenos_through_a_glass_darkly,
          makhleb_altar_promises_db, uniq_grum, uniq_prince_ribbit1
Temple:   eino_temple_rhombus

Skill      XL: |  1  2  3  4  5  6  7  8  9 |
---------------+----------------------------+-----
Fighting       | 4 5 6 7 |  7.8
Armour         | 4 5 6 7 9 |  9.0
Long Blades    | 3 4 5 6 7 |  7.3
Shields        | 4 5 6 |  6.5
Dodging        | 1 2 |  2.2
Stealth        | 1 |  1.0

Action                   |  1- 3 |  4- 6 |  7- 9 || total
-------------------------+-------+-------+-------++-------
Melee: Long sword        |   106 |   158 |   477 ||   741
Invok: Sacrifice Arcana  |       |       |     1 ||     1
  Use: Scroll            |       |     7 |     9 ||    16
       Potion            |       |     3 |       ||     3
Armor: Scale mail        |    60 |    76 |    54 ||   190
       Chain mail        |       |       |    30 ||    30
       Fire dragon scale |       |       |   200 ||   200
Dodge: Dodged            |    35 |    46 |   175 ||   256
Block: Kite shield       |    68 |    90 |   303 ||   461
       Rpst.: Long sword |     8 |    13 |    40 ||    61
